 Dungeon Crawl Stone Soup version 0.15.0-14-g6bbbb5c (webtiles) character file.

482 CrazyArbalest the Bolt Thrower (level 6, -11/44 HPs)
             Began as a Demonspawn Hunter on Sept 4, 2014.
             Was an Initiate of Okawaru.
             Mangled by an ogre
             ... wielding a +0 giant club
              (13 damage)
             ... on Level 4 of the Dungeon.
             The game lasted 00:29:34 (3999 turns).

CrazyArbalest the Bolt Thrower (Demonspawn Hunter)  Turns: 3999, Time: 00:29:34

HP -11/44        AC  6     Str 12      XL: 6   Next: 87%
MP   6/6         EV  9     Int 13      God: Okawaru [......]
Gold 190         SH  0     Dex 15      Spells:  0 memorised,  5 levels left

rFire  . . .     SeeInvis .     b - +1 hand crossbow
rCold  . . .     Clarity  .     j - +0 ring mail
rNeg   . . .     rCorr    .     (no shield)
rPois  .         rRot     .     (helmet restricted)
rElec  .         Spirit   .     (no cloak)
SustAb .         Warding  .     (no gloves)
rMut   .         Stasis   .     (no boots)
Gourm  .                        (no amulet)
MR     .....                    (no ring)
                                (no ring)

@: not resistant to hostile enchantments, very unstealthy
A: horns 1, molten scales 1, powered by death 1
a: Renounce Religion


You were on level 4 of the Dungeon.
You worshipped Okawaru.
Okawaru was noncommittal.
You were very hungry.

You visited 2 branches of the dungeon, and saw 5 of its levels.

You collected 190 gold pieces.

Inventory:

Hand weapons
 a - a +1 flail of crushing
 b - a +1 hand crossbow (weapon)
 i - a +0 whip
 v - a +2 short sword of distortion
Missiles
 c - 12 bolts
 k - 10 silver bolts (quivered)
Armour
 d - a +0 leather armour
 j - a +0 ring mail (worn)
Comestibles
 f - 2 bread rations
 l - 2 meat rations
 n - 2 fruits
Scrolls
 e - 3 scrolls of identify {unknown}
 g - 2 scrolls of teleportation {unknown}
 h - 4 scrolls of enchant armour {unknown}
 q - 2 scrolls of remove curse {unknown}
 r - 4 scrolls of amnesia {unknown}
 y - 2 scrolls of fog {unknown}
 A - a scroll of immolation {unknown}
Jewellery
 o - a +2 ring of strength {unknown}
 x - an uncursed ring of see invisible {unknown}
 z - an uncursed ring of regeneration {unknown}
Potions
 m - a potion of haste {unknown}
 s - a potion of invisibility {unknown}
 t - a potion of flight {unknown}
 u - a potion of curing {unknown}
 w - a potion of degeneration {unknown}
 B - a potion of lignification {unknown}


   Skills:
 + Level 2.0 Fighting
 * Level 2.6 Maces & Flails
 * Level 5.4 Crossbows
 + Level 2.2 Armour
 + Level 3.2 Dodging
 + Level 1.1 Stealth


You had 5 spell levels left.
You didn't know any spells.

Dungeon Overview and Level Annotations

Branches:
Dungeon (4/15)             Temple (1/1) D:4

Altars:
Ashenzari
Cheibriados
Dithmenos
Elyvilon
Fedhas
Nemelex Xobeh
Okawaru
Sif Muna
Trog
Vehumet
Xom
Yredelemnul

Shops:
D:4 %

Annotations:
D:4 imganon's ghost, experienced DsBe


Innate Abilities, Weirdness & Mutations

You have a pair of small horns on your head.
You are partially covered in molten scales (AC +1).
You can steal the life force of nearby defeated enemies.


Message History

Aim: an ogre, wielding a giant club (almost dead)
You shoot a silver bolt. The silver bolt hits the ogre.
The ogre is almost dead.
The ogre hits you with a giant club!
* * * LOW HITPOINT WARNING * * *
Firing (i - inventory. (,) - cycle):
k - 12 silver bolts (quivered)
Press: ? - help, Shift-Dir - straight line, f/p - ogre
Aim: an ogre, wielding a giant club (almost dead)
You shoot a silver bolt. The silver bolt barely misses the ogre.
The ogre barely misses you.
You aren't carrying any items that can be evoked.
Unknown command.
Unknown command.
Firing (i - inventory. (,) - cycle):
k - 11 silver bolts (quivered)
Press: ? - help, Shift-Dir - straight line, f/p - ogre
Aim: an ogre, wielding a giant club (almost dead)
You shoot a silver bolt. The silver bolt hits the ogre.
The ogre is almost dead.
The ogre hits you with a giant club!
You die...

#.#..# #.##.# #..>.##
#.##.# #..#..# #.##.#
#.....## #.##.#
#.#..#.###.##.#
...#.###.##.##.# #.#
#######.#..##.##.# #.#
##.######.#.##.##.######
#.#
#.#(..O@................
#.#
##.######.####.#..######
#.# #.# #.####.#..# #.#
#.# #......#..# #.# #.#
########..# #.# #.#
#..###### #.######.#
#.......# #........#
#.#####.. ##########
#........


You could see an ogre.

Vanquished Creatures
  A phantom (D:4)
  A crimson imp (D:3)
  A hound (D:3)
  An orc priest (D:3)
  2 orc wizards (D:3)
  Natasha (thrice) (D:3)
  An ogre skeleton (D:4)
  6 gnolls (D:2)
  2 adders
  7 worms
  4 oozes
  6 orcs (D:3)
  8 bats
  11 giant cockroaches
  6 goblins
  5 hobgoblins
  15 jackals
  2 giant geckos
  6 giant newts
  9 kobolds
  A kobold skeleton (D:4)
  10 rats
108 creatures vanquished.

Vanquished Creatures (others)
  A rat (D:4)
1 creature vanquished.

Grand Total: 109 creatures vanquished

Notes
Turn   | Place    | Note
--------------------------------------------------------------
     0 | D:1      | CrazyArbalest, the Demonspawn Hunter, began the quest for the Orb.
     0 | D:1      | Reached XP level 1. HP: 15/15 MP: 1/1
   128 | D:1      | Reached skill level 4 in Crossbows
   130 | D:1      | Gained mutation: You can steal the life force of nearby defeated enemies. [demonic ancestry]
   130 | D:1      | Reached XP level 2. HP: 21/21 MP: 2/2
   799 | D:2      | Gained mutation: You have a pair of small horns on your head. [demonic ancestry]
   799 | D:2      | Reached XP level 3. HP: 19/26 MP: 3/3
  1243 | D:2      | Reached skill level 1 in Armour
  1267 | D:2      | Reached XP level 4. HP: 28/32 MP: 4/4
  1639 | D:3      | Reached skill level 1 in Stealth
  1821 | D:3      | Reached skill level 1 in Maces & Flails
  1915 | D:3      | Noticed Natasha
  1932 | D:3      | Killed Natasha
  1932 | D:3      | Reached skill level 5 in Crossbows
  1932 | D:3      | Reached XP level 5. HP: 19/37 MP: 5/5
  2291 | D:3      | Noticed Natasha
  2299 | D:3      | Killed Natasha
  2363 | D:3      | Noticed Natasha
  2364 | D:3      | Killed Natasha
  2600 | D:4      | Found a staircase to the Ecumenical Temple.
  2653 | Temple   | Entered the Ecumenical Temple
  2878 | Temple   | Became a worshipper of Warmaster Okawaru
  2976 | D:4      | Noticed an ogre
  3028 | D:4      | Found a basalt altar of Yredelemnul.
  3071 | D:3      | Gained mutation: You are partially covered in molten scales (AC +1). [demonic ancestry]
  3071 | D:3      | Reached XP level 6. HP: 11/43 MP: 6/6
  3638 | D:4      | Found Cheu's Food Shoppe.
  3657 | D:4      | Noticed a phantom
  3660 | D:4      | Noticed imganon's ghost (experienced DsBe)
  3847 | D:4      | Killed a phantom
  3997 | D:4      | HP: 1/44 [ogre/giant club (17)]
  3999 | D:4      | Mangled by an ogre

Action                   |  1- 3 |  4- 6 || total
-------------------------+-------+-------++-------
Melee: Whip              |    77 |    63 ||   140
       Club              |    20 |       ||    20
       Short sword       |     4 |       ||     4
       Flail             |       |   185 ||   185
 Fire: Hand crossbow     |    28 |    52 ||    80
  Eat: Fruit             |     1 |       ||     1
       Chunk             |       |     8 ||     8
